 Dungeon Sprint DCSS version 0.23-b1-86-gba62f8e092 (webtiles) character file.

Game seed: 15019455108391176537

4081996 Groucho the Conqueror (level 24, 272/272 HPs)
             Began as a Naga Fighter on Feb 7, 2019.
             Was the Champion of Cheibriados.
             Escaped with the Orb
             ... and 3 runes on Feb 8, 2019!
             The game lasted 01:17:13 (16696 turns).

Groucho the Conqueror (Naga Fighter)               Turns: 16696, Time: 01:17:14

Health: 272/272    AC: 44    Str: 38    XL:     24   Next: 1%
Magic:  62/62      EV: 35    Int: 29    God:    Cheibriados [******]
Gold:   282        SH: 38    Dex: 37    Spells: 71/75 levels left

rFire    + + +     SeeInvis +   c - +9 broad axe
rCold    + + +     Gourm    .   F - +7 large shield
rNeg     + + .     Faith    .   s - +14 gold dragon scales
rPois    +         Spirit   .   G - -2 hat of the Alchemist {rElec rPois rF+ rC+ rN+ MR+ rMut rCorr}
rElec    +         Reflect  .   U - scarf {repulsion}
rCorr    +         Harm     .   Z - +2 pair of gloves {Str+3}
rMut     +         Rnd*Rage +   (no barding)
MR       +++++     NoTele   +   L - amulet "Dotoig" {Acrobat +Fly MP+9}
Stlth    ..........             M - ring "Athyutuv" {+Blink rF+ rC+ EV+3 Dex+2}
HPRegen  0.55/turn              P - ring "Pem Jyan" {rC+ rN+ MR+ Int+4}
MPRegen  0.38/turn

@: studying Slings, repel missiles, very slow
A: large, see invisible, berserk 2, deformed body, poison resistance, slowness
2, slow metabolism 1, spit poison 1, constrict 1, AC +8
0: Orb of Zot
}: 3/3 runes: silver, golden, iron
a: Spit Poison, Bend Time, Temporal Distortion, Slouch, Step From Time, Renounce
Religion, Evoke Blink, Evoke Flight


You escaped.
You worshipped Cheibriados.
Cheibriados was exalted by your worship.
You were full.

You visited 1 branch You collected 282 gold pieces.

Inventory:

Hand Weapons
 c - a +9 broad axe (weapon)
 i - the +7 sceptre of Asmodeus
   (You took it off Asmodeus in the Dungeon)
 u - the +4 arbalest of the Eternal Warrior {penet, Int+4}
   (You found it in the Dungeon)

   Ammo fired by it will pass through the targets it hits, potentially hitting
   all targets in its path until it reaches maximum range.
   It affects your intelligence (+4).
 D - a +2 antimagic morningstar
 J - the +6 arbalest "Damnation" {damnation}
   (You found it in the Dungeon)
Missiles
 n - 229 stones
 E - 250 bolts
 X - 13 javelins (quivered)
Armour
 s - +14 gold dragon scales (worn)
 F - a +7 large shield (worn)
 G - the -2 hat of the Alchemist (worn) {rElec rPois rF+ rC+ rN+ MR+ rMut rCorr}
   (You found it in the Dungeon)

   It protects you from fire.
   It protects you from cold.
   It insulates you from electricity.
   It protects you from poison.
   It protects you from negative energy.
   It affects your resistance to hostile enchantments.
   It provides partial protection from all sources of acid and corrosion.
   It protects you from mutation.
 U - a scarf of repulsion (worn)
 Z - a +2 pair of gloves of strength (worn)
Jewellery
 b - a +3 ring of strength
 l - an uncursed ring of protection from cold
 m - a +3 ring of evasion
 r - an uncursed ring of stealth
 v - the ring "Qocwyka" {Dex+2 Stlth-}
   (You found it in the Dungeon)

   [ring of attention]

   It affects your dexterity (+2).
   It makes you less stealthy.
 x - a +2 ring of evasion
 C - an uncursed ring of fire
 L - the amulet "Dotoig" (around neck) {Acrobat +Fly MP+9}
   (You found it in the Dungeon)

   [amulet of the acrobat]

   It helps you evade while moving and waiting.
   It affects your magic capacity (+9).
   It lets you fly.
 M - the ring "Athyutuv" (left hand) {+Blink rF+ rC+ EV+3 Dex+2}
   (You found it in the Dungeon)

   [ring of evasion]

   It affects your evasion (+3).
   It affects your dexterity (+2).
   It protects you from fire.
   It protects you from cold.
   It lets you blink.
 N - the amulet "Derphoj" {Reflect -Tele rF++ rC+ Int-3 SH+2}
   (You found it in the Dungeon)

   [amulet of reflection]

   It shields you and reflects attacks.
   It affects your intelligence (-3).
   It greatly protects you from fire.
   It protects you from cold.
   It prevents most forms of teleportation.
   It affects your SH (+2).
 P - the ring "Pem Jyan" (right hand) {rC+ rN+ MR+ Int+4}
   (You found it in the Dungeon)

   [ring of protection from magic]

   It affects your intelligence (+4).
   It protects you from cold.
   It protects you from negative energy.
   It affects your resistance to hostile enchantments.
 Q - a +5 ring of slaying
 R - the ring "Pimaaz" {rC+ Dex+5 Slay+3 SInv}
   (You found it in the Dungeon)

   [ring of see invisible]

   It affects your dexterity (+5).
   It affects your accuracy and damage with ranged weapons and melee attacks
   (+3).
   It protects you from cold.
   It lets you see invisible.
 S - the ring of the Fool {Wiz rF++}
   (You found it in the Dungeon)

   [ring of wizardry]

   It improves your spell success rate.
   It greatly protects you from fire.
 T - an uncursed ring of positive energy
 W - an uncursed ring of protection from magic
 Y - the amulet of Uskats {Gourm rC+ Int-2 Dex+2 SInv}
   (You took it off an orc in the Dungeon)

   [amulet of the gourmand]

   It allows you to eat raw meat even when not hungry.
   It affects your intelligence (-2).
   It affects your dexterity (+2).
   It protects you from cold.
   It lets you see invisible.
Wands
 I - a wand of iceblast (9)
 K - a wand of digging (3)
Scrolls
 k - a scroll of blinking
 o - 10 scrolls of remove curse
 p - 6 scrolls of amnesia
 q - a scroll of summoning
 w - 4 scrolls of fog
 y - 2 scrolls of fear
 A - 5 scrolls of identify
 B - 6 scrolls of enchant weapon
Potions
 a - a potion of invisibility
 d - 5 potions of might
 e - 18 potions of curing
 g - 16 potions of heal wounds
 h - 9 potions of haste
 j - 7 potions of berserk rage
 t - 3 potions of agility
 z - 4 potions of brilliance
 H - a potion of cancellation
 V - 2 potions of resistance
Books
 O - a manual of Slings
Comestibles
 f - 10 rations


   Skills:
 O Level 27 Fighting
 O Level 27 Axes
 O Level 27 Throwing
 O Level 27 Armour
 O Level 27 Dodging
 O Level 27 Shields
 O Level 27 Unarmed Combat
 + Level 26.4 Spellcasting
 O Level 27 Invocations


You had 71 spell levels left.
You knew the following spells:

 Your Spells              Type           Power        Failure   Level  Hunger
a - Shroud of Golubria    Chrm/Tloc      #####.....   4%          2    None
b - Song of Slaying       Chrm           #####...     4%          2    None

Your spell library contained the following spells:

 Spells                   Type           Power        Failure   Level  Hunger
 Animate Skeleton         Necr           N/A          2%          1    None
 Beastly Appendage        Tmut           #####.       2%          1    None
 Confusing Touch          Hex            #####.       2%          1    None
 Corona                   Hex            #####..      2%          1    None
 Flame Tongue             Conj/Fire      #####        2%          1    None
 Freeze                   Ice            ####         2%          1    None
 Infusion                 Chrm           ####         2%          1    None
 Magic Dart               Conj           ####         2%          1    None
 Shock                    Conj/Air       ####         2%          1    None
 Summon Small Mammal      Summ           ####         2%          1    None
 Blink                    Tloc           N/A          4%          2    None
 Call Imp                 Summ           #####...     4%          2    None
 Corpse Rot               Necr           N/A          4%          2    None
 Ensorcelled Hibernation  Hex/Ice        #####.       4%          2    None
 Poisonous Vapours        Pois/Air       #####.       4%          2    None
 Slow                     Hex            #####...     4%          2    None
 Sticks to Snakes         Tmut           #####...     4%          2    None
 Sublimation of Blood     Necr           #####.....   4%          2    None
 Swiftness                Chrm/Air       #####...     4%          2    None
 Throw Frost              Conj/Ice       #####.       4%          2    None
 Confuse                  Hex            #####...     8%          3    None
 Conjure Flame            Conj/Fire      #####...     8%          3    None
 Dazzling Spray           Conj/Hex       #####.       8%          3    None
 Gell's Gravitas          Tloc           #####.....   8%          3    None
 Ignite Poison            Fire/Tmut/Pois #####...     8%          3    None
 Mephitic Cloud           Conj/Pois/Air  #####...     8%          3    None
 Ozocubu's Armour         Chrm/Ice       #####...     8%          3    None
 Portal Projectile        Hex/Tloc       #####.       8%          3    None
 Recall                   Summ/Tloc      N/A          8%          3    None
 Regeneration             Chrm/Necr      #####.....   8%          3    None
 Spectral Weapon          Hex/Chrm       #####...     8%          3    None
 Spider Form              Tmut/Pois      #####.....   8%          3    None
 Static Discharge         Conj/Air       #####...     8%          3    None
 Tukima's Dance           Hex            #####...     8%          3    None
 Airstrike                Air            #####.....   26%         4    None
 Animate Dead             Necr           N/A          26%         4    None
 Cause Fear               Hex            #####.....   26%         4    None
 Force Lance              Conj/Tloc      #####...     26%         4    None
 Ice Form                 Ice/Tmut       #####...     26%         4    None
 Olgreb's Toxic Radiance  Pois           #####...     26%         4    None
 Petrify                  Tmut/Erth      #####...     26%         4    None
 Summon Ice Beast         Ice/Summ       #####...     26%         4    None
 Summon Lightning Spire   Summ/Air       #####...     26%         4    None
 Throw Icicle             Conj/Ice       #####...     26%         4    None
 Agony                    Necr           #####...     58%         5    None
 Bolt of Draining         Conj/Necr      #####.....   58%         5    None
 Borgnjor's Vile Clutch   Necr/Erth      #####.....   58%         5    None
 Dispel Undead            Necr           #####...     58%         5    None
 Excruciating Wounds      Chrm/Necr      #####.....   58%         5    None
 Fireball                 Conj/Fire      #####.....   58%         5    None
 Irradiate                Conj/Tmut      #####.....   58%         5    None
 Lightning Bolt           Conj/Air       #####.....   58%         5    None
 Metabolic Englaciation   Hex/Ice        #####.....   58%         5    None
 Venom Bolt               Conj/Pois      #####.....   58%         5    None
 Yara's Violent Unravell  Hex/Tmut       #####.....   58%         5    None
 Bolt of Cold             Conj/Ice       #####.....   99%         6    None
 Bolt of Fire             Conj/Fire      #####.....   99%         6    None
 Death Channel            Necr           #####.....   99%         6    None
 Dispersal                Tloc           #####.....   99%         6    None
 Freezing Cloud           Conj/Ice/Air   #####.....   99%         6    None
 Hydra Form               Tmut           #####.....   99%         6    None
 Ozocubu's Refrigeration  Ice            #####.....   99%         6    None
 Poison Arrow             Conj/Pois      #####.....   99%         6    None
 Simulacrum               Ice/Necr       #####.....   99%         6    None
 Statue Form              Tmut/Erth      #####....    99%         6    None
 Dragon Form              Tmut           #####.....   100%        7    None
 Haunt                    Necr/Summ      #####.....   100%        7    None
 Malign Gateway           Summ/Tloc      #####.....   100%        7    None
 Ring of Flames           Chrm/Fire      #####.....   100%        7    None
 Borgnjor's Revivificati  Necr           #####.....   100%        8    ###....
 Chain Lightning          Conj/Air       #####.....   100%        8    ###....
 Controlled Blink         Tloc           N/A          100%        8    ###....
 Death's Door             Chrm/Necr      #####.....   100%        8    ###....
 Disjunction              Tloc           #####.....   100%        8    ###....
 Ignition                 Fire           #####.....   100%        8    ###....
 Infestation              Necr           #####.....   100%        8    ###....
 Lehudib's Crystal Spear  Conj/Erth      #####.....   100%        8    ###....
 Necromutation            Tmut/Necr      #####.....   100%        8    ###....
 Dragon's Call            Summ           #####.....   100%        9    #####..
 Fire Storm               Conj/Fire      #####.....   100%        9    #####..
 Glaciate                 Conj/Ice       #####.....   100%        9    #####..


Dungeon Overview and Level Annotations

Branches:
Dungeon (1/1)

Altars:
Ashenzari
Cheibriados
Dithmenos
Elyvilon
Fedhas
Gozag
Hepliaklqana
Kikubaaqudgha
Makhleb
Nemelex Xobeh
Okawaru
Qazlal
Ru
Sif Muna
Trog
Uskayaw
Vehumet
Wu Jian
Xom
Yredelemnul
Zin
The Shining One
Beogh
Jiyva
Lugonu


Innate Abilities, Weirdness & Mutations

You cannot wear boots.
Your serpentine skin is tough. (AC +8)
You have supernaturally acute eyesight. (SInv)
Armour fits poorly on your strangely shaped body.
Your system is resistant to poisons. (rPois)
You cover ground very slowly.
You have a slow metabolism.
You can spit poison.
You can use your snake-like lower body to constrict enemies.
You often lose your temper in combat.


Message History

You see here a +4 scythe of freezing.
You slash the Executioner! You grab the Executioner.
The Executioner is moderately wounded.
You constrict the Executioner. The Executioner misses you.
You block the Executioner's attack.
The Executioner hits you but does no damage.
You block the Executioner's attack. x2; The Executioner completely misses you.
You slash the Executioner!
The Executioner is moderately wounded.
You constrict the Executioner. You block the Executioner's attack. x2
The Executioner completely misses you. You block the Executioner's attack.
The Executioner barely misses you. You block the Executioner's attack.
You slice the Executioner!!
The Executioner is severely wounded.
You constrict the Executioner. You block the Executioner's attack. x6
You slash the Executioner!
You kill the Executioner!
Cheibriados thoroughly appreciates the change of pace.
There is a staircase leading out of the dungeon here.
You have escaped!

##########.##................''..
#...........'................''..
#'#####'#####......#..#......##..
#.#..#...'.##................##..
#.#..#...#.#####'#####''#########
#.#..#####.##.......##''#########
#.#..)...#.##..).)..##......'..'.
#.#..'...'.##.......##...)..'.)).
#.#..########...@...##[[...##..##
#.#..'.))))##.......##[..###[)[.#
#.#..#..))[##.......##..##...[...
#)###########.......##''#...#).#.
#)).....#).###########...........
#.).#...#)############''#...#..#.
#)..#...#)#....#..[[##.[##.......
#.##.##.#)#....#...[##..)###....#
#...#...#.†....'..).##.....##..##


There were no monsters in sight!

Vanquished Creatures
  Asmodeus (D)
  Antaeus (D)
  the Royal Jelly (D)
  5 pandemonium lords (D)
  Lom Lobon (D)
  Mnoleg (D)
  5 orbs of fire (D)
  Mara (D)
  Khufu (D)
  4 ancient liches (D)
  Boris (D)
  A greater mummy (D)
  A Killer Klown (D)
  Margery (D)
  the Lernaean hydra (D)
  Frederick (D)
  2 curse toes (D)
  A golden dragon (D)
  4 pearl dragons (D)
  2 bone dragons (D)
  4 electric golems (D)
  3 Tzitzimimeh (D)
  2 Brimstone Fiends (D)
  2 Ice Fiends (D)
  2 Hell Sentinels (D)
  27 Orb Guardians (D)
  27 titans (D)
  A quicksilver dragon (D)
  2 Executioners (D)
  4 liches (D)
  A deep elf blademaster (D)
  6 acid blobs (D)
  3 deep elf master archers (D)
  6 shadow dragons (D)
  3 sphinxes (D)
  2 daevas (D)
  16 fire giants (D)
  A storm dragon (D)
  3 azure jellies (D)
  3 nagarajas (D)
  An iron dragon (D)
  10 deep elf sorcerers (D)
  3 ghost moths (D)
  9 frost giants (D)
  A draconian knight (D)
  5 orc warlords (D)
  A balrug (D)
  2 angels (D)
  Louise (D)
  A cacodemon (D)
  2 reapers (D)
  A draconian annihilator (D)
  2 ghouls (D)
  2 draconian shifters (D)
  A war gargoyle (D)
  An ophan (D)
  5 spriggan defenders (D)
  24 stone giants (D)
  4 deep elf demonologists (D)
  2 dire elephants (D)
  A lorocyproca (D)
  3 black draconians (D)
  A red draconian (D)
  4 deep elf annihilators (D)
  2 purple draconians (D)
  2 white draconians (D)
  2 yellow draconians (D)
  An eidolon (D)
  A blizzard demon (D)
  A yaktaur captain (D)
  20 ettins (D)
  2 deep elf death magi (D)
  2 green deaths (D)
  2 deep elf high priests (D)
  5 ogre magi (D)
  15 death oozes (D)
  3 fire dragons (D)
  A hydra (D)
  An ice dragon (D)
  3 great orbs of eyes (D)
  A rakshasa (D)
  A hell beast (D)
  A spriggan air mage (D)
  2 naga warriors (D)
  A centaur warrior (D)
  4 vault guards (D)
  2 catoblepae (D)
  An anaconda (shapeshifter) (D)
  2 vampire magi (D)
  2 hell hogs (D)
  An iron elemental (D)
  5 two-headed ogres (D)
  4 death knights (D)
  A dancing weapon (D)
  A merfolk avatar (D)
  A spriggan berserker (D)
  9 hell knights (D)
  2 soul eaters (D)
  A deep elf knight (D)
  3 iron trolls (D)
  2 sun demons (D)
  A sea snake (D)
  A flayed ghost (D)
  6 deep trolls (D)
  A death drake (D)
  An unseen horror (D)
  An unseen horror (shapeshifter) (D)
  A glowing orange brain (D)
  4 harpies (D)
  10 orc knights (D)
  A spriggan druid (D)
  A phantasmal warrior (D)
  3 deep elf magi (D)
  A wizard (D)
  2 necromancers (D)
  An ugly thing (D)
  19 cyclopes (D)
  2 salamanders (shapeshifter) (D)
  A moth of wrath (D)
  2 manticores (D)
  2 naga magi (D)
  2 elephants (D)
  A guardian serpent (D)
  A rust devil (D)
  A molten gargoyle (D)
  4 smoke demons (D)
  A spiny frog (D)
  3 gargoyles (D)
  A komodo dragon (D)
  A hellion (D)
  A rime drake (D)
  A yaktaur (D)
  A hellwing (D)
  An ice devil (D)
  2 tormentors (D)
  A wandering mushroom (D)
  14 trolls (D)
  A jumping spider (D)
  A polar bear (D)
  A wind drake (D)
  A hornet (D)
  2 bog bodies (D)
  5 slime creatures (D)
  3 snapping turtles (D)
  A flying skull (D)
  2 spriggans (D)
  A wraith (D)
  A water elemental (D)
  A yak (D)
  4 redbacks (D)
  2 wyverns (D)
  A fire bat (D)
  8 golden eyes (D)
  A steam dragon (D)
  10 vampire mosquitoes (D)
  2 fire elementals (D)
  A neqoxec (D)
  Menkaure (D)
  An acid dragon (D)
  4 nagas (D)
  2 floating eyes (D)
  Duvessa (D)
  A swamp drake (D)
  11 orc warriors (D)
  9 ogres (D)
  4 eyes of draining (D)
  A centaur (D)
  A crocodile (D)
  2 big kobolds (D)
  A bullfrog (D)
  3 gnoll sergeants (D)
  3 wights (D)
  6 orc priests (D)
  4 orc wizards (D)
  A hell rat (D)
  14 gnolls (D)
  A river rat (D)
  2 white imps (D)
  An ufetubus (D)
  An ooze (D)
  2 adder zombies (D)
  2 adder simulacra (D)
  A leopard gecko (D)
  16 orcs (D)
  A ball python (D)
  A bat zombie (D)
  A giant cockroach (D)
  A goblin (D)
  2 hobgoblins (D)
  2 jackals (D)
  A quokka (D)
  A bat simulacrum (D)
  A frilled lizard (D)
  A giant cockroach simulacrum (D)
  A leopard gecko skeleton (D)
  A leopard gecko zombie (D)
  A rat (D)
  4 crawling corpses (D)
  A macabre mass (D)
613 creatures vanquished.

Vanquished Creatures (others)
  A Brimstone Fiend (D)
  An Orb Guardian (D)
  A quicksilver dragon (D)
  An ice dragon (D)
  A hell hog (D)
  A bat zombie (D)
  A bat simulacrum (D)
7 creatures vanquished.

Grand Total: 620 creatures vanquished

Notes
Turn   | Place    | Note
-------+----------+-------------------------------------------
     0 | D        | Groucho the Naga Fighter began the quest for the Orb.
     0 | D        | Reached XP level 1. HP: 21/21 MP: 1/1
   308 | D        | Found a bloodstained altar of Trog.
   308 | D        | Found a deep blue altar of Sif Muna.
   308 | D        | Found a viscous altar of Jiyva.
   308 | D        | Found a hazy altar of Hepliaklqana.
   308 | D        | Found an opulent altar of Gozag.
   309 | D        | Found a glowing golden altar of the Shining One.
   309 | D        | Found a glowing silver altar of Zin.
   309 | D        | Found a basalt altar of Yredelemnul.
   309 | D        | Found a shimmering altar of Xom.
   309 | D        | Found an ornate altar of the Wu Jian Council.
   309 | D        | Found a sacrificial altar of Ru.
   309 | D        | Found a stormy altar of Qazlal.
   309 | D        | Found an iron altar of Okawaru.
   309 | D        | Found a sparkling altar of Nemelex Xobeh.
   309 | D        | Found a burning altar of Makhleb.
   309 | D        | Found a blossoming altar of Fedhas.
   309 | D        | Found a white marble altar of Elyvilon.
   309 | D        | Found a shadowy altar of Dithmenos.
   309 | D        | Found a snail-covered altar of Cheibriados.
   311 | D        | Found a radiant altar of Vehumet.
   311 | D        | Found a corrupted altar of Lugonu.
   311 | D        | Found a roughly hewn altar of Beogh.
   312 | D        | Found a hide-covered altar of Uskayaw.
   312 | D        | Found an ancient bone altar of Kikubaaqudgha.
   312 | D        | Found a shattered altar of Ashenzari.
   320 | D        | Became a worshipper of Cheibriados the Contemplative
   334 | D        | Noticed a floating eye
   337 | D        | Paralysed by a floating eye for 4 turns
   342 | D        | Killed a floating eye
   342 | D        | Reached * piety under Cheibriados
   342 | D        | Reached skill level 5 in Fighting
   342 | D        | Reached XP level 2. HP: 32/32 MP: 1/4
   342 | D        | Reached XP level 3. HP: 39/39 MP: 1/5
   342 | D        | Reached XP level 4. HP: 46/46 MP: 1/6
   399 | D        | Reached ** piety under Cheibriados
   411 | D        | Reached XP level 5. HP: 51/52 MP: 8/8
   412 | D        | Noticed a big kobold
   415 | D        | Reached *** piety under Cheibriados
   423 | D        | Killed a big kobold
   423 | D        | Reached skill level 5 in Axes
   423 | D        | Reached skill level 5 in Invocations
   485 | D        | Noticed a flying skull
   486 | D        | Noticed a fire bat
   491 | D        | Noticed Menkaure
   494 | D        | Reached **** piety under Cheibriados
   496 | D        | Killed a fire bat
   496 | D        | Reached skill level 5 in Armour
   496 | D        | Reached skill level 5 in Shields
   496 | D        | Reached XP level 6. HP: 51/63 MP: 8/10
   496 | D        | Reached ***** piety under Cheibriados
   496 | D        | Reached XP level 7. HP: 59/72 MP: 8/12
   505 | D        | Killed Menkaure
   510 | D        | Killed a flying skull
   510 | D        | Reached ****** piety under Cheibriados
   769 | D        | Noticed Duvessa
   780 | D        | Killed Duvessa
   780 | D        | Reached XP level 8. HP: 81/82 MP: 9/14
   811 | D        | Noticed a yak
   817 | D        | Killed a yak
  1107 | D        | Noticed a redback
  1108 | D        | Killed a redback
  1236 | D        | Noticed an elephant
  1240 | D        | Killed an elephant
  1240 | D        | Reached XP level 9. HP: 85/92 MP: 9/16
  1396 | D        | Noticed a manticore
  1397 | D        | Noticed a troll
  1399 | D        | Killed a troll
  1399 | D        | Reached skill level 10 in Fighting
  1399 | D        | Reached skill level 10 in Invocations
  1399 | D        | Killed a manticore
  1399 | D        | Reached skill level 10 in Axes
  1418 | D        | Noticed a sea snake
  1426 | D        | Killed a sea snake
  1426 | D        | Reached XP level 10. HP: 98/103 MP: 10/18
  1443 | D        | Noticed a spriggan rider
  1443 | D        | Noticed a two-headed ogre
  1445 | D        | Killed a two-headed ogre
  1587 | D        | Noticed a deep elf mage
  1587 | D        | Noticed a manticore
  1587 | D        | Noticed a phantasmal warrior
  1589 | D        | Killed a manticore
  1589 | D        | Killed a phantasmal warrior
  1589 | D        | Reached skill level 10 in Armour
  1589 | D        | Reached skill level 10 in Shields
  1589 | D        | Killed a deep elf mage
  1589 | D        | Reached XP level 11. HP: 85/114 MP: 13/20
  1630 | D        | Noticed a rakshasa
  1630 | D        | Noticed a deep troll
  1632 | D        | Noticed a flayed ghost
  1633 | D        | Killed a rakshasa
  1633 | D        | Noticed an unseen horror
  1637 | D        | Killed an unseen horror
  1637 | D        | Killed a deep troll
  1639 | D        | Killed a flayed ghost
  2408 | D        | Noticed an unseen horror
  2412 | D        | Killed an unseen horror
  2759 | D        | Noticed a deep elf mage
  2759 | D        | Noticed a deep elf mage
  2761 | D        | Killed a deep elf mage
  2761 | D        | Reached XP level 12. HP: 102/126 MP: 16/22
  2966 | D        | Noticed an orc warlord
  2967 | D        | Noticed a white draconian
  2967 | D        | Noticed an orc warlord
  2968 | D        | Reached skill level 15 in Axes
  2973 | D        | Killed a white draconian
  2981 | D        | Killed an orc warlord
  2986 | D        | Killed an orc warlord
  3230 | D        | Noticed a vault guard
  3231 | D        | Noticed a vault guard
  3231 | D        | Noticed a deep elf knight
  3234 | D        | Killed a deep elf knight
  3235 | D        | Killed a vault guard
  3235 | D        | Gained mutation: You can use your snake-like lower body to
                  | constrict enemies. [Naga growth]
  3235 | D        | Reached XP level 13. HP: 107/133 MP: 12/23
  3235 | D        | Killed a vault guard
  3240 | D        | Noticed a vault guard
  3245 | D        | Killed a vault guard
  3541 | D        | Found the +7 sceptre of Torment {pain, torment}
  3593 | D        | Got the +4 arbalest of the Eternal Warrior {penet, Int+4}
  3629 | D        | Noticed a vault guard
  3630 | D        | Noticed a yaktaur captain
  3630 | D        | Noticed a ghost moth
  3630 | D        | Noticed a deep elf sorcerer
  3635 | D        | Killed a vault guard
  3638 | D        | Killed a ghost moth
  3638 | D        | Killed a deep elf sorcerer
  3638 | D        | Reached skill level 15 in Armour
  3639 | D        | Killed a yaktaur captain
  3953 | D        | Found the -2 hat of the Alchemist {rElec rPois rF+ rC+ rN+
                  | MR+ rMut rCorr}
  4208 | D        | Got the ring "Qocwyka" {Dex+2 Stlth-}
  4310 | D        | Noticed a spriggan defender
  4317 | D        | Noticed a spriggan defender
  4321 | D        | Killed a spriggan defender
  4325 | D        | Noticed a black draconian
  4326 | D        | Identified the +8 flail of Plog {drain, +Rage MR+}
  4327 | D        | Killed a spriggan defender
  4328 | D        | Reached XP level 14. HP: 128/141 MP: 18/24
  4332 | D        | Killed a black draconian
  4349 | D        | Gained mutation: You tend to lose your temper in combat. [a
                  | neqoxec]
  4735 | D        | Noticed an orc warlord
  4740 | D        | Killed an orc warlord
  4839 | D        | Noticed a purple draconian knight
  4849 | D        | Killed a purple draconian knight
  4858 | D        | Noticed a deep elf sorcerer
  4860 | D        | Noticed a deep elf annihilator
  4863 | D        | Noticed a deep elf sorcerer
  4866 | D        | Killed a deep elf sorcerer
  4871 | D        | Killed a deep elf sorcerer
  4875 | D        | Killed a deep elf annihilator
  4952 | D        | Noticed a deep elf sorcerer
  4957 | D        | Killed a deep elf sorcerer
  4962 | D        | Noticed a deep elf sorcerer
  4968 | D        | Killed a deep elf sorcerer
  5011 | D        | Noticed a deep elf annihilator
  5017 | D        | Noticed a nagaraja
  5017 | D        | Noticed a deep elf sorcerer
  5021 | D        | Killed a deep elf sorcerer
  5026 | D        | Killed a nagaraja
  5037 | D        | Noticed a deep elf demonologist
  5039 | D        | Noticed a spriggan defender
  5045 | D        | Killed a spriggan defender
  5047 | D        | Killed a deep elf demonologist
  5126 | D        | Killed a deep elf annihilator
  5436 | D        | Noticed Frederick
  5436 | D        | Noticed a lich
  5437 | D        | Noticed a deep elf sorcerer
  5446 | D        | Killed Frederick
  5446 | D        | Reached skill level 15 in Shields
  5446 | D        | Reached XP level 15. HP: 59/147 MP: 20/25
  5448 | D        | Killed a deep elf sorcerer
  5455 | D        | Killed a lich
  5938 | D        | Noticed an Executioner
  5943 | D        | Noticed a red draconian shifter
  5943 | D        | Noticed a yellow draconian shifter
  5949 | D        | Killed a yellow draconian shifter
  5952 | D        | Killed a red draconian shifter
  5957 | D        | Got the amulet of the Vendetta {Spirit rF+ MR+}
  5962 | D        | Got the amulet "Dezyf" {+Rage Str+6}
  5965 | D        | Got the ring "Pafos" {Fire rN+ MP+9 Int+2}
  5968 | D        | Got the amulet "Dotoig" {Acrobat +Fly MP+9}
  5971 | D        | Got the ring of Ekkas {Str+2 Int+4 Dex+2 SInv}
  5975 | D        | Got the amulet of the Hundredfold Tables {RegenMP MR+ MP+9
                  | Str-5}
  5978 | D        | Got the amulet of Keeps {Gourm Str+2}
  5981 | D        | Got the ring of the Median {+Inv Slay+5}
  5984 | D        | Got the amulet "Uteop" {Gourm rElec MR- Dex+6}
  5986 | D        | Got the amulet "Bagiv" {Spirit Dex+4}
  5990 | D        | Got the amulet of Pyromania {Reflect rElec rC- MR++ SH+2}
  5993 | D        | Got the ring "Athyutuv" {+Blink rF+ rC+ EV+3 Dex+2}
  5995 | D        | Got the amulet "Derphoj" {Reflect -Tele rF++ rC+ Int-3
                  | SH+2}
  5998 | D        | Got the amulet of Keutang {Inacc Str+3 Dex+6}
  6146 | D        | Noticed a daeva
  6151 | D        | Killed a daeva
  6156 | D        | Noticed Boris
  6156 | D        | Noticed a sphinx
  6161 | D        | Killed a sphinx
  6168 | D        | Killed Boris
  6278 | D        | Got the Disquisition on Unstable Weightlessness
  6300 | D        | Got the Almanac of Shifting Slavery
  6303 | D        | Got the Grimoire of Dark Rites and Poisoning
  6305 | D        | Got the Incunabulum of Shifting Venom
  6327 | D        | Got the ring "Pem Jyan" {rC+ rN+ MR+ Int+4}
  6329 | D        | Got the ring of Departure {+Blink Int+6}
  6332 | D        | Got the ring of Nuzoc {Ice rElec MR+}
  6337 | D        | Got the ring "Pimaaz" {rC+ Dex+5 Slay+3 SInv}
  6339 | D        | Got the ring of the Fool {Wiz rF++}
  6341 | D        | Got the ring of Haashres {Ice +Blink Str+6 Int-2}
  6344 | D        | Got the ring of Lenkeeru {Ice -Tele Int+5}
  6347 | D        | Got the ring "Kapsiq" {MP+9 Int+3 Dex+5 SInv}
  6350 | D        | Got the ring "Extuzuno" {AC+6 Int+2 Dex-5 Slay+3}
  6356 | D        | Got the ring of the Cricket {rC+ Str+6}
  6359 | D        | Got the ring "Cibaf" {rPois MR- Slay+3 SInv}
  6362 | D        | Got the ring "Yqilositz" {MR+ Dex+6}
  6473 | D        | Noticed an Ice Fiend
  6484 | D        | Killed an Ice Fiend
  6489 | D        | Identified the amulet of Uskats {Gourm rC+ Int-2 Dex+2
                  | SInv}
  6490 | D        | Noticed an orc warlord
  6492 | D        | Noticed a nagaraja
  6500 | D        | Killed an orc warlord
  6500 | D        | Reached skill level 15 in Dodging
  6503 | D        | Killed a nagaraja
  6511 | D        | Noticed a ghost moth
  6533 | D        | Reached XP level 16. HP: 113/156 MP: 26/26
  6883 | D        | Noticed a quicksilver dragon
  6883 | D        | Noticed a daeva
  6886 | D        | Killed a quicksilver dragon
  6889 | D        | Killed a daeva
  6912 | D        | Noticed a sphinx
  6918 | D        | Killed a sphinx
  7200 | D        | Noticed a titan
  7201 | D        | Found the +6 arbalest "Damnation" {damnation}
  7210 | D        | Killed a titan
  7210 | D        | Reached skill level 15 in Fighting
  7210 | D        | Reached XP level 17. HP: 162/170 MP: 15/27
  7278 | D        | Got a silver rune of Zot
  7424 | D        | Noticed an electric golem
  7455 | D        | Killed an electric golem
  7455 | D        | Reached skill level 5 in Throwing
  7476 | D        | Noticed an orb of fire
  7488 | D        | Killed an orb of fire
  7643 | D        | Noticed an orb of fire
  7657 | D        | Killed an orb of fire
  7693 | D        | Noticed a curse toe
  7693 | D        | Noticed a greater mummy
  7693 | D        | Noticed a titan
  7697 | D        | Reached skill level 15 in Throwing
  7698 | D        | Killed a titan
  7702 | D        | Killed a greater mummy
  7704 | D        | Killed a curse toe
  8118 | D        | Noticed a Hell Sentinel
  8123 | D        | Killed a Hell Sentinel
  8329 | D        | Noticed a Tzitzimitl
  8338 | D        | Killed a Tzitzimitl
  8561 | D        | Noticed Khufu
  8571 | D        | Killed Khufu
  8571 | D        | Reached XP level 18. HP: 84/187 MP: 17/28
  8820 | D        | Noticed a bone dragon
  8845 | D        | Killed a bone dragon
  8845 | D        | Reached skill level 10 in Unarmed Combat
  8949 | D        | Noticed a curse toe
  8958 | D        | Killed a curse toe
  9387 | D        | Noticed an electric golem
  9395 | D        | Killed an electric golem
  9404 | D        | Noticed a lich
  9408 | D        | Killed a lich
  9411 | D        | Noticed Mara
  9425 | D        | Killed Mara
  9430 | D        | Noticed Mnoleg
  9431 | D        | Noticed a tentacled monstrosity
  9456 | D        | Killed Mnoleg
  9996 | D        | Noticed a titan
 10004 | D        | Killed a titan
 10030 | D        | Noticed a lich
 10034 | D        | Killed a lich
 10244 | D        | Noticed an electric golem
 10249 | D        | Killed an electric golem
 10253 | D        | Noticed a Tzitzimitl
 10272 | D        | Killed a Tzitzimitl
 10636 | D        | Noticed a Tzitzimitl
 10644 | D        | Killed a Tzitzimitl
 10950 | D        | Noticed an ancient lich
 10956 | D        | Killed an ancient lich
 10961 | D        | Noticed Eteron the pandemonium lord
 10961 | D        | Noticed a pearl dragon
 10969 | D        | Killed Eteron the pandemonium lord
 10969 | D        | Reached XP level 19. HP: 153/218 MP: 0/29
 10972 | D        | Killed a pearl dragon
 11131 | D        | Noticed an Ice Fiend
 11136 | D        | Killed an Ice Fiend
 11150 | D        | Noticed a pearl dragon
 11157 | D        | Killed a pearl dragon
 11167 | D        | Noticed Irgharph the pandemonium lord
 11175 | D        | Killed Irgharph the pandemonium lord
 11439 | D        | Noticed an orb of fire
 11458 | D        | Killed an orb of fire
 11458 | D        | Reached skill level 27 in Fighting
 11458 | D        | Reached skill level 27 in Armour
 11508 | D        | Noticed a pearl dragon
 11509 | D        | Noticed an ancient lich
 11513 | D        | Killed an ancient lich
 11513 | D        | Killed a pearl dragon
 11529 | D        | Got the amulet of Xaokoxegge {Faith Fragile rElec rN+++
                  | Stlth-}
 11533 | D        | Got the ring "Vifior" {rCorr rPois rC- Dex+5 SInv}
 11550 | D        | Got the ring "Neqoguz" {MP+9 EV-3 Dex+2}
 11553 | D        | Got an iron rune of Zot
 11556 | D        | Got the ring "Debli" {*Drain rC+++ MP+9 Int+5 Stlth+}
 11560 | D        | Got the ring of Zulu {rF++ rN+ MR+ Dex-2 Slay+4}
 11577 | D        | Got the ring "Yrulick" {rF+ Int+3}
 11761 | D        | Noticed an ancient lich
 11766 | D        | Killed an ancient lich
 11775 | D        | Noticed a Brimstone Fiend
 11781 | D        | Killed a Brimstone Fiend
 12201 | D        | Noticed the Royal Jelly
 12208 | D        | Killed the Royal Jelly
 12208 | D        | Reached XP level 20. HP: 159/236 MP: 19/30
 12367 | D        | Noticed a Killer Klown
 12370 | D        | Noticed Antaeus
 12375 | D        | Killed a Killer Klown
 12424 | D        | Killed Antaeus
 12775 | D        | Noticed Margery
 12784 | D        | Killed Margery
 13099 | D        | Noticed a bone dragon
 13100 | D        | Identified the +7 sceptre of Asmodeus
 13100 | D        | Noticed Asmodeus
 13107 | D        | Killed a bone dragon
 13107 | D        | Reached skill level 27 in Dodging
 13110 | D        | Noticed a Brimstone Fiend
 13127 | D        | Killed Asmodeus
 13127 | D        | Reached XP level 21. HP: 126/244 MP: 23/31
 13475 | D        | Reached skill level 27 in Shields
 13485 | D        | Reached skill level 15 in Invocations
 13550 | D        | Got the ring "Rumanwyrr" {Fire +Inv rElec rN+ Stlth+}
 13553 | D        | Got the ring of Betob {Ice Int+4 Dex+2}
 13556 | D        | Got the amulet "Vuet" {Gourm Int+5 Dex+3}
 13559 | D        | Got the ring of Tutwux {rElec rC+ MR+ Str+4 Dex-5}
 13562 | D        | Got the ring "Kikatosuso" {rPois Str-4 Int+6 Dex+3 Stlth-}
 13565 | D        | Got the ring of Onlek {rElec rC+ rN+ Dex+3}
 13568 | D        | Got the ring "Eddara" {rPois Str+2 Int+5 Stlth+}
 13571 | D        | Got the amulet "Xiagoafip" {Acrobat rElec}
 14316 | D        | Reached skill level 27 in Axes
 14317 | D        | Reached XP level 22. HP: 228/254 MP: 18/39
 14317 | D        | Reached skill level 27 in Invocations
 14327 | D        | Reached skill level 15 in Unarmed Combat
 14351 | D        | Found the +27 Lear's hauberk
 14362 | D        | Got a golden rune of Zot
 14529 | D        | Noticed the 27-headed Lernaean hydra
 14529 | D        | Noticed Louise
 14536 | D        | Killed the 27-headed Lernaean hydra
 14542 | D        | Killed Louise
 14604 | D        | Gained mutation: You often lose your temper in combat. [a
                  | cacodemon]
 14843 | D        | Noticed Xowiriz the pandemonium lord
 14856 | D        | Killed Xowiriz the pandemonium lord
 14870 | D        | Noticed an ancient lich
 14877 | D        | Killed an ancient lich
 14882 | D        | Noticed an orb of fire
 14885 | D        | Reached XP level 23. HP: 224/262 MP: 40/40
 14890 | D        | Killed an orb of fire
 14891 | D        | Reached skill level 27 in Throwing
 15027 | D        | Noticed Lom Lobon
 15028 | D        | Noticed a golden dragon
 15028 | D        | Noticed Plog the pandemonium lord
 15029 | D        | Noticed an orb of fire
 15030 | D        | Reached skill level 27 in Unarmed Combat
 15031 | D        | Reached skill level 10 in Spellcasting
 15032 | D        | Killed an orb of fire
 15032 | D        | Reached skill level 15 in Spellcasting
 15033 | D        | Killed Plog the pandemonium lord
 15042 | D        | Killed Lom Lobon
 15052 | D        | Killed a golden dragon
 15419 | D        | Noticed Feroos the pandemonium lord
 15437 | D        | Killed Feroos the pandemonium lord
 16012 | D        | Got the Orb of Zot
 16175 | D        | Learned a level 2 spell: Shroud of Golubria
 16178 | D        | Learned a level 2 spell: Song of Slaying
 16684 | D        | Reached XP level 24. HP: 272/272 MP: 53/53
 16696 | D        | Escaped with the Orb!

Skill      XL: |  1  2  3  4  5  6  7  8  9 10 11 12 13 14 15 16 17 18 19 20 21 22 23 |
---------------+----------------------------------------------------------------------+-----
Fighting       | 5 6 7 8 9 10 11 13 15 17 24 27 | 27.0
Axes           | 4 6 8 9 10 11 14 19 20 27 | 27.0
Armour         | 4 5 6 7 8 9 10 11 12 18 21 22 25 27 | 27.0
Shields        | 4 5 6 7 8 9 10 11 15 16 17 18 21 26 27 | 27.0
Invocations    | 3 4 6 8 9 10 12 13 26 27 | 27.0
Dodging        | 16 21 24 27 | 27.0
Throwing       | 18 26 27 | 27.0
Unarmed Combat | 9 12 24 27 | 27.0
Spellcasting   | 26 | 26.4

Action                   |  1- 3 |  4- 6 |  7- 9 | 10-12 | 13-15 | 16-18 | 19-21 | 22-24 || total
-------------------------+-------+-------+-------+-------+-------+-------+-------+-------++-------
Melee: War axe           |     8 |       |       |       |       |       |       |       ||     8
       Hand axe          |     5 |    26 |    38 |       |       |       |       |       ||    69
       Broad axe         |       |       |     9 |    50 |   201 |   287 |   221 |   179 ||   947
       Constrict         |       |       |       |       |    46 |    29 |    21 |    19 ||   115
Throw: Javelin           |       |       |       |       |       |     4 |       |    19 ||    23
 Cast: Shroud of Golubri |       |       |       |       |       |       |       |     1 ||     1
       Song of Slaying   |       |       |       |       |       |       |       |     1 ||     1
Invok: Slouch            |       |       |     9 |    22 |    45 |    49 |    55 |    22 ||   202
       Bend Time         |       |       |       |       |       |       |     1 |       ||     1
  Use: Potion            |       |     1 |     2 |     5 |     6 |     4 |     3 |       ||    21
       Scroll            |       |       |       |       |     1 |       |       |     7 ||     8
 Stab: Invisible         |       |       |     1 |       |       |       |       |       ||     1
       Petrified         |       |       |       |       |     8 |       |       |       ||     8
       Petrifying        |       |       |       |       |     1 |       |       |       ||     1
  Eat: Chunk             |       |       |       |     2 |       |       |     3 |       ||     5
       Ration            |       |       |       |     2 |     3 |     4 |     4 |     3 ||    16
Armor: Scale mail        |     2 |     6 |       |       |       |       |       |       ||     8
       Chain mail        |       |     9 |     8 |    32 |     5 |       |       |       ||    54
       Plate armour      |       |       |       |       |    31 |     6 |       |       ||    37
       Gold dragon scale |       |       |       |       |       |    54 |    49 |    58 ||   161
Dodge: Dodged            |       |     3 |    14 |    34 |    51 |   179 |   153 |   141 ||   575
       Deflected         |       |       |       |       |       |     9 |    10 |     5 ||    24
Block: Shield            |     7 |    19 |    22 |    63 |    15 |       |       |       ||   126
       Large shield      |       |       |       |       |   135 |   279 |   218 |   271 ||   903
